 Dungeon Crawl Stone Soup version 0.28-a0-563-gf77a47075d (webtiles) character file.

Game seed: 18330393855398942022

870 dolemite99 the Chopper (level 7, -8/52 HPs)
             Began as a Demonspawn Fighter on Sept 30, 2021.
             Was a Priest of Fedhas.
             Mangled by Prince Ribbit (12 damage)
             ... on level 5 of the Dungeon.
             The game lasted 00:06:20 (7110 turns).

dolemite99 the Chopper (Demonspawn Fighter)         Turns: 7110, Time: 00:06:21

Health: -8/52      AC:  6    Str: 18    XL:     7   Next: 73%
Magic:  9/11       EV:  9    Int:  9    God:    Fedhas [***...]
Gold:   207        SH:  4    Dex: 13    Spells: 6/6 levels left

rFire   . . .      SeeInvis .   a - +0 war axe
rCold   . . .      Faith    .   c - +0 buckler
rNeg    . . .      Spirit   .   b - +0 scale mail
rPois   .          Reflect  .   (no helmet)
rElec   .          Harm     .   (no cloak)
rCorr   .          Rampage  .   (no gloves)
Will    .....                   (no boots)
Stlth   ..........              (no amulet)
HPRegen 0.17/turn               (no ring)
MPRegen 0.12/turn               (no ring)

@: very slightly contaminated, invisible
A: hooves 1
a: Renounce Religion, Wall of Briars, Grow Ballistomycete


You were on level 5 of the Dungeon.
You worshipped Fedhas.
Fedhas was most pleased with you.
You visited 1 branch of the dungeon, and saw 5 of its levels.

You collected 207 gold pieces.

Inventory:

Hand Weapons
 a - a +0 war axe (weapon)
 d - a +0 flail of protection
 k - a +0 hunting sling
 o - a +0 hunting sling
Missiles
 l - 61 arrows
 m - 53 sling bullets
 q - 23 poisoned darts (quivered)
 t - 19 bolts
Armour
 b - a +0 scale mail (worn)
 c - a +0 buckler (worn)
Magical Staves
 s - a staff of earth
Jewellery
 r - a ring of willpower
Wands
 h - a wand of polymorph (5)
Scrolls
 f - 2 scrolls of noise
 i - a scroll of enchant armour {unknown}
 u - 2 scrolls of teleportation {unknown}
 y - a scroll of enchant weapon {unknown}
Potions
 e - 2 potions of ambrosia
 g - a potion of lignification {unknown}
 j - a potion of haste
 p - a potion of curing {unknown}
 v - a potion of berserk rage {unknown}
 w - a potion of mutation {unknown}
 x - a potion of brilliance {unknown}
 z - a potion of degeneration {unknown}


   Skills:
 - Level 3.0 Fighting
 + Level 6.9 Axes
 - Level 2.6 Armour
 - Level 2.6 Shields
 + Level 6.2 Invocations


You had 6 spell levels left.
You didn't know any spells.
Your spell library contained the following spells:

 Spells                   Type           Power      Damage    Failure   Level
 Animate Skeleton         Necr           0%         N/A       83%         1
 Apportation              Tloc           0%         N/A       83%         1
 Summon Small Mammal      Summ           0%         N/A       83%         1
 Ozocubu's Armour         Ice            0%         N/A       99%         3
 Summon Guardian Golem    Hex/Summ       0%         N/A       99%         3
 Metabolic Englaciation   Hex/Ice        0%         N/A       100%        5
 Simulacrum               Ice/Necr       0%         N/A       100%        6
 Orb of Destruction       Conj           0%         N/A       100%        7
 Spellforged Servitor     Conj/Summ      0%         N/A       100%        7


Dungeon Overview and Level Annotations

Branches:
Dungeon (5/15)             Temple (0/1) D:4

Altars:
Ashenzari
Fedhas
Nemelex Xobeh
Wu Jian

Annotations:
D:5 Prince Ribbit


Innate Abilities, Weirdness & Mutations

You have large cloven feet.


Message History

You throw a poisoned dart. Fedhas protects your plant from harm.
The poisoned dart closely misses Prince Ribbit.
Prince Ribbit catches a baby bat with his tongue.
Prince Ribbit hits your briar patch!! Prince Ribbit hits your briar patch!
Your briar patch is destroyed!
Your briar patch disappears in a puff of smoke!
You throw a poisoned dart. Fedhas protects your plant from harm.
The poisoned dart hits Prince Ribbit.
Prince Ribbit is moderately wounded.
You closely miss Prince Ribbit. Your kick misses Prince Ribbit.
Prince Ribbit is moderately wounded.
Prince Ribbit looks more healthy.
Prince Ribbit hits you! Prince Ribbit hits you.
You closely miss Prince Ribbit.
Prince Ribbit is moderately wounded.
Prince Ribbit hits you!
You are too injured to fight recklessly!
You are too injured to fight recklessly!
You closely miss Prince Ribbit. Your kick misses Prince Ribbit.
Prince Ribbit is moderately wounded.
Prince Ribbit hits you!
Prince Ribbit hits you but does no damage.
You slash Prince Ribbit! Your kick misses Prince Ribbit.
Prince Ribbit is heavily wounded.
Prince Ribbit lets out a mournful croak.
Prince Ribbit hits you but does no damage.
Prince Ribbit barely misses you.
You hit Prince Ribbit.
Prince Ribbit is severely wounded.
Prince Ribbit hits you!
* * * LOW HITPOINT WARNING * * *
You fade into invisibility!
Prince Ribbit hits you but does no damage.
You are very lightly contaminated with residual magic.
You walk carefully through the plants.
Prince Ribbit barely misses you. Prince Ribbit hits you!
You die...
Fedhas appreciates your contribution to the ecosystem.

#.# ######.#
.......# #.###..#
#.# #..# #.###..##
........# #.###)..#
#####
#.###...########@PP#
#...............PFP#
........########PP.#
######.## ##(## #)#
#(# #.# #.# ##'##
#.# ##...## #.#
##.....## #(#


You could see Prince Ribbit (ally target).

Vanquished Creatures
  An ice beast (D:5)
  A centaur (D:5)
  A phantom (D:4)
  Blork the orc (D:5)
  A wyvern skeleton (D:5)
  A bullfrog zombie (D:5)
  A centaur zombie (D:5)
  A gnoll shaman (D:4)
  Jessica (D:3)
  An iguana (D:4)
  A scorpion zombie (D:3)
  3 orc wizards (D:4)
  A hound zombie (D:5)
  A hound skeleton (D:5)
  7 gnolls
  6 adders
  An ufetubus (D:4)
  4 worms
  3 dart slugs
  6 orcs (D:4)
  9 ball pythons
  6 bats
  15 endoplasms
  4 giant cockroaches
  9 goblins
  3 hobgoblins
  3 jackals (D:2)
  2 quokkas (D:1)
  A frilled lizard (D:1)
  6 kobolds
  5 rats
106 creatures vanquished.

Notes
Turn   | Place    | Note
-------+----------+-------------------------------------------
     0 | D:1      | dolemite99 the Demonspawn Fighter began the quest for the
                  | Orb.
     0 | D:1      | Reached XP level 1. HP: 18/18 MP: 1/1
    90 | D:1      | Found a faded altar of an unknown god.
    99 | D:1      | Gained mutation: You have large cloven feet. [demonic
                  | ancestry]
    99 | D:1      | Reached XP level 2. HP: 20/24 MP: 2/2
   150 | D:1      | Became a worshipper of Fedhas Madash
   150 | D:1      | Reached * piety under Fedhas
   645 | D:1      | Reached XP level 3. HP: 27/29 MP: 3/3
  1003 | D:2      | Reached ** piety under Fedhas
  1186 | D:2      | Reached XP level 4. HP: 30/35 MP: 4/4
  1852 | D:3      | Noticed Jessica
  1862 | D:3      | Killed Jessica
  1867 | D:3      | Found a broken altar of Ashenzari.
  2241 | D:3      | Reached XP level 5. HP: 41/41 MP: 5/5
  2405 | D:3      | Reached skill level 5 in Axes
  2978 | D:3      | Found an ornate altar of the Wu Jian Council.
  3342 | D:4      | Reached *** piety under Fedhas
  3343 | D:4      | Reached skill level 1 in Invocations
  3497 | D:4      | Found a staircase to the Ecumenical Temple.
  3644 | D:4      | Noticed a phantom
  3661 | D:4      | Killed a phantom
  3662 | D:4      | Reached XP level 6. HP: 33/47 MP: 6/8
  4579 | D:4      | Found a sparkling altar of Nemelex Xobeh.
  4966 | D:4      | Identified the +3 robe of Sin {Stlth+ Archmagi}
  4987 | D:5      | Entered Level 5 of the Dungeon
  5967 | D:5      | Reached XP level 7. HP: 40/52 MP: 10/10
  6075 | D:5      | Reached skill level 5 in Invocations
  6365 | D:5      | Noticed Blork the orc
  6379 | D:5      | Killed Blork the orc
  7093 | D:5      | Noticed Prince Ribbit
  7110 | D:5      | Mangled by Prince Ribbit

Illustrated notes

Levels and vault maps discovered:
D:1:      minmay_arrival_checkered_box, layout_loops_cross,
          basic_ecumenical_altar, minmay_close_crescents
D:2:      layout_basic, kennysheep_generic_room_4
D:3:      cheibrodos_helix_gallery, layout_basic,
          nicolae_wu_jian_immortal_techniques, evilmike_ruin_ashenzari,
          minmay_ruptured, uniq_jessica
D:4:      layout_loops_cross, old_standard_altar,
          minmay_temple_entry_sparse_star, chequers_serial_rivers_micro_e
D:5:      layout_loops_corners, uniq_blork_the_orc, uniq_eustachio,
          uniq_prince_ribbit1

Skill      XL: |  1  2  3  4  5  6  7 |
---------------+----------------------+-----
Axes           | 2 3 4 5 6 |  6.9
Invocations    | 2 4 6 |  6.2
Fighting       | |  3.0
Armour         | |  2.6
Shields        | |  2.6

Action                   |  1- 3 |  4- 6 |  7- 9 || total
-------------------------+-------+-------+-------++-------
Melee: War axe           |   106 |   161 |    46 ||   313
       Kick              |    16 |    42 |     8 ||    66
Throw: Dart              |       |    53 |    23 ||    76
Invok: Wall of Briars    |       |     1 |     1 ||     2
  Use: Scroll            |       |     4 |       ||     4
       Potion            |       |     3 |     2 ||     5
 Stab: Invisible         |       |       |     1 ||     1
Armor: Scale mail        |    55 |    49 |    16 ||   120
       Skin              |       |       |     2 ||     2
Dodge: Dodged            |    38 |    56 |    25 ||   119
Block: Buckler           |    29 |    22 |    12 ||    63

Table legend: (Time is in decaauts)
 A = Elapsed time spent in this place.
 B = Non-inter-level travel time spent in this place.
 C = Inter-level travel time spent in this place.
 D = Time resting spent in this place.
 E = Time spent auto-exploring this place.
 F = Levels seen in this place.
 G = Mean time per level.
                   A        B        C        D        E       F      G
               +--------+--------+--------+--------+--------+-----+--------+
         Total |   7208 |   7059 |    149 |   2968 |   2957 |   5 | 1441.6 |
       Dungeon |   7208 |   7059 |    149 |   2968 |   2957 |   5 | 1441.6 |
               +--------+--------+--------+--------+--------+-----+--------+

Top non-repeatable levels by time:
     D:4: 2601 daAuts
     D:3: 1400 daAuts
     D:5: 1318 daAuts
     D:1: 1029 daAuts
     D:2: 857 daAuts
